 Dungeon Crawl Stone Soup version 0.18.1-48-g4cf74bf (webtiles) character file.

6447 djnw the Destroyer (level 10, -6/75 HPs)
             Began as a Naga Ice Elementalist on Aug 28, 2016.
             Was a Priest of Vehumet.
             Mangled by a troll (8 damage)
             ... on level 11 of the Dungeon.
             The game lasted 00:40:42 (12337 turns).

djnw the Destroyer (Naga Ice Elementalist)         Turns: 12337, Time: 00:40:43

Health: -6/75      AC: 12    Str: 11    XL:     10   Next: 99%
Magic:  10/22      EV:  9    Int: 19    God:    Vehumet [***...]
Gold:   453        SH:  0    Dex: 11    Spells: 5 memorised, 15 levels left

rFire  . . .     SeeInvis +     u - +0 short sword (holy)
rCold  + . .     Gourm    .     a - +1 robe
rNeg   . . .     Faith    .     (no shield)
rPois  +         Spirit   .     (no helmet)
rElec  .         Dismiss  .     (no cloak)
rCorr  +         Reflect  .     (no gloves)
SustAt .         Harm     .     (no barding)
MR     +....                    j - amulet of regeneration
Stlth  ++........               w - ring of resist corrosion
                                l - ring of protection from cold

@: icy armour, about to teleport, very slightly contaminated, hasted, drained,
somewhat resistant to hostile enchantments, unstealthy
A: see invisible, deformed body, poison resistance, slowness 2, slow metabolism
1, spit poison 2, AC +3
a: Spit Poison, Renounce Religion


You were on level 11 of the Dungeon.
You worshipped Vehumet.
Vehumet was most pleased with you.
You were not hungry.

You visited 1 branch of the dungeon, and saw 11 of its levels.

You collected 453 gold pieces.

Inventory:

Hand Weapons
 u - a +0 short sword of holy wrath (weapon)
Armour
 a - a +1 robe (worn)
Jewellery
 f - an uncursed ring of ice
 j - an amulet of regeneration (around neck)
 l - a ring of protection from cold (left hand)
 w - a ring of resist corrosion (right hand)
Wands
 i - a wand of iceblast (12/15)
 v - a wand of slowing (38/48)
 y - a wand of iceblast (7/15)
Scrolls
 e - 2 scrolls of enchant armour
 h - 2 scrolls of recharging
 m - 2 scrolls of identify
 n - 3 scrolls of remove curse
 p - 3 scrolls of magic mapping
 t - 3 scrolls of teleportation
Potions
 g - a potion of haste
 o - 2 potions of might
 z - a potion of brilliance
Books
 b - a book of Frost

   Spells                             Type                      Level
   a - Freeze                         Ice                          1
   b - Throw Frost                    Conjuration/Ice              2
   c - Ozocubu's Armour               Charms/Ice                   3
   d - Throw Icicle                   Conjuration/Ice              4
   e - Summon Ice Beast               Ice/Summoning                4
 k - Vehumet's Tome of Attacks
   (You found it on level 3 of the Dungeon)

   Spells                             Type                      Level
   a - Magic Dart                     Conjuration                  1
 A - a book of Misfortune

   Spells                             Type                      Level
   a - Confusing Touch                Hexes                        2
   b - Confuse                        Hexes                        3
   c - Gell's Gravitas                Hexes/Translocation          3
   d - Petrify                        Transmutation/Earth          4
   e - Metabolic Englaciation         Hexes/Ice                    5
   f - Yara's Violent Unravelling     Hexes/Transmutation          5
Comestibles
 c - 13 bread rations
 d - 3 meat rations
 q - a slice of pizza
 r - 3 fruits
 s - a beef jerky
 x - a royal jelly
 C - a chunk of flesh


   Skills:
 - Level 1.5(1.2) Dodging
 - Level 3.0(2.6) Stealth
 + Level 8.7(8.3) Spellcasting
 + Level 9.7(9.3) Conjurations
 - Level 2.0(1.6) Charms
 + Level 9.6(9.1) Ice Magic


You had 15 spell levels left.
You knew the following spells:

 Your Spells              Type           Power        Failure   Level  Hunger
a - Magic Dart            Conj           ####         1%          1    None
b - Throw Frost           Conj/Ice       #####.       1%          2    None
c - Ozocubu's Armour      Chrm/Ice       ####....     3%          3    None
d - Freeze                Ice            ####         1%          1    None
e - Throw Icicle          Conj/Ice       #####...     1%          4    ###....


Dungeon Overview and Level Annotations

Branches:
Dungeon (11/15)            Temple (0/1) D:4            Lair (0/8) D:10
    Orc (0/2) D:9

Altars:
Elyvilon
Fedhas
Gozag
Kikubaaqudgha
Sif Muna
Vehumet
Xom
The Shining One


Innate Abilities, Weirdness & Mutations

You cannot wear boots.
Your serpentine skin is tough (AC +3).
You have supernaturally acute eyesight.
Armour fits poorly on your strangely shaped body.
Your system is resistant to poisons.
You cover ground very slowly.
You have a slow metabolism.
You can spit poison.


Message History

Press: ? - help, Shift-Dir - straight line, f - wolf
Aim: a wolf You freeze the wolf.
The wolf is lightly wounded.
The wolf bites you!
* * * LOW HITPOINT WARNING * * *
Casting: Freeze
Confirm with . or Enter, or press ? or * to list all spells.
Aiming: Freeze
Press: ? - help, Shift-Dir - straight line, f/p - wolf
Aim: a wolf (lightly wounded)
You freeze the wolf.
The wolf is moderately wounded.
The wolf bites you but does no damage.
Read which item? (? for menu, Esc to quit)
As you read the scroll of teleportation, it crumbles to dust.
You feel strangely unstable. The wolf bites you!
* * * LOW HITPOINT WARNING * * *
The wolf barely misses you. The troll bites you!
You die...

#..
#######....
####.h..C.....
#....@T.......
##............
#........###++
#........#
##.......#
#########


You could see a hill giant, a troll and a wolf.

Vanquished Creatures
  An unseen horror (D:10)
  A gargoyle (D:10)
  A komodo dragon (D:10)
  A two-headed ogre (D:9)
  Prince Ribbit (D:8)
  A spriggan (D:8)
  Edmund (D:6)
  3 ice beasts
  An orc warrior (D:7)
  3 sky beasts
  A black bear (D:8)
  A necrophage (D:8)
  4 ogres
  5 phantoms
  2 wasps
  3 centaurs
  A big kobold (D:5)
  2 giant frogs
  A wyvern skeleton (D:6)
  3 scorpions
  6 wights
  2 electric eels (D:8)
  6 howler monkeys
  5 crimson imps
  A centaur zombie (D:5)
  A jelly (D:8)
  A quasit (D:8)
  7 hounds
  A giant frog skeleton (D:5)
  5 orc priests
  5 orc wizards (D:8)
  2 centaur skeletons
  2 iguanas
  9 worker ants
  A killer bee zombie (D:7)
  2 worker ant zombies
  4 gnolls
  11 adders
  A howler monkey skeleton (D:5)
  3 shadow imps
  4 adder skeletons
  3 worms
  5 dart slugs
  8 giant geckos
  39 orcs
  6 giant cockroaches
  9 goblins
  8 hobgoblins
  9 jackals
  27 kobolds
  6 quokkas
  11 bats
  A giant gecko skeleton (D:5)
  A giant gecko zombie (D:5)
  4 giant newts
  A jackal skeleton (D:5)
  A quokka zombie (D:5)
  11 rats
266 creatures vanquished.

Vanquished Creatures (others)
  5 plants
5 creatures vanquished.

Grand Total: 271 creatures vanquished

Notes
Turn   | Place    | Note
--------------------------------------------------------------
     0 | D:1      | djnw the Naga Ice Elementalist began the quest for the Orb.
     0 | D:1      | Reached XP level 1. HP: 15/15 MP: 3/3
   172 | D:1      | Reached XP level 2. HP: 21/22 MP: 5/5
   443 | D:1      | Reached XP level 3. HP: 25/28 MP: 5/7
   447 | D:1      | Learned a level 2 spell: Throw Frost
   451 | D:1      | Learned a level 3 spell: Ozocubu's Armour
  1999 | D:2      | Reached XP level 4. HP: 36/36 MP: 8/8
  2597 | D:3      | Reached skill level 1 in Charms
  2659 | D:3      | Reached XP level 5. HP: 42/42 MP: 5/9
  3088 | D:3      | Found a radiant altar of Vehumet.
  3114 | D:3      | Identified Vehumet's Tome of Attacks
  3116 | D:3      | Became a worshipper of Vehumet
  3119 | D:3      | Learned a level 1 spell: Magic Dart
  3121 | D:3      | Found an ancient bone altar of Kikubaaqudgha.
  3122 | D:3      | Found a deep blue altar of Sif Muna.
  3366 | D:4      | Learned a level 4 spell: Throw Icicle
  3426 | D:4      | Found a staircase to the Ecumenical Temple.
  3782 | D:4      | Reached XP level 6. HP: 49/49 MP: 7/11
  3959 | D:4      | Found a shimmering altar of Xom.
  4597 | D:4      | Reached XP level 7. HP: 45/55 MP: 13/13
  4641 | D:5      | Entered Level 5 of the Dungeon
  4649 | D:5      | You fall through a shaft for 2 floors!
  4797 | D:6      | Reached skill level 5 in Ice Magic
  5118 | D:6      | Reached * piety under Vehumet
  5118 | D:6      | Offered knowledge of Shock by Vehumet.
  5360 | D:6      | Noticed Edmund
  5374 | D:6      | Killed Edmund
  5544 | D:5      | Reached skill level 5 in Conjurations
  5544 | D:5      | Reached XP level 8. HP: 55/62 MP: 6/14
  6110 | D:5      | Reached skill level 5 in Spellcasting
  6286 | D:5      | Found a blossoming altar of Fedhas.
  7503 | D:6      | Found a white marble altar of Elyvilon.
  7653 | D:6      | Reached ** piety under Vehumet
  7653 | D:6      | Offered knowledge of Throw Flame by Vehumet.
  7887 | D:7      | Reached XP level 9. HP: 65/68 MP: 1/17
  9313 | D:8      | Noticed Prince Ribbit
  9321 | D:8      | Killed Prince Ribbit
  9321 | D:8      | Offered knowledge of Static Discharge by Vehumet.
  9692 | D:8      | Reached *** piety under Vehumet
  9698 | D:8      | Reached XP level 10. HP: 35/75 MP: 1/20
 10754 | D:9      | Found an opulent altar of Gozag.
 10755 | D:9      | Found a glowing golden altar of the Shining One.
 10847 | D:9      | Found a staircase to the Orcish Mines.
 10868 | D:9      | HP: 3/75 [two-headed ogre/giant spiked club (22)]
 11065 | D:10     | Entered Level 10 of the Dungeon
 11081 | D:10     | Offered knowledge of Sticky Flame by Vehumet.
 11342 | D:10     | Noticed an unseen horror
 11357 | D:10     | Killed an unseen horror
 11528 | D:10     | Found an opulent altar of Gozag.
 11846 | D:10     | Found a staircase to the Lair.
 12078 | D:10     | Noticed a gargoyle
 12086 | D:10     | Killed a gargoyle
 12333 | D:11     | Noticed a hill giant
 12336 | D:11     | HP: 2/75 [wolf (7)]
 12337 | D:11     | Mangled by a troll

Skill      XL: |  1  2  3  4  5  6  7  8  9 10 |
---------------+-------------------------------+-----
Spellcasting   | 3 4 5 7 8 |  8.7
Ice Magic      | 4 5 6 8 9 |  9.6
Charms         | 1 2 |  2.0
Conjurations   | 2 3 5 7 8 9 |  9.7
Dodging        | |  1.5
Stealth        | |  3.0

Action                   |  1- 3 |  4- 6 |  7- 9 | 10-12 || total
-------------------------+-------+-------+-------+-------++-------
Melee: Club              |     5 |       |       |       ||     5
       Short sword       |     8 |       |    57 |    38 ||   103
       Dagger            |     3 |    18 |       |       ||    21
       Whip              |       |    42 |    61 |       ||   103
 Cast: Freeze            |    36 |    50 |    93 |    58 ||   237
       Magic Dart        |       |    62 |   199 |    66 ||   327
       Throw Frost       |       |    13 |    47 |    44 ||   104
       Ozocubu's Armour  |       |     1 |     1 |     5 ||     7
       Throw Icicle      |       |       |     5 |     5 ||    10
 Abil: Spit Poison       |    26 |    30 |    12 |    11 ||    79
Evoke: Wand              |       |       |     4 |       ||     4
  Use: Potion            |     3 |     3 |     2 |     5 ||    13
       Scroll            |     3 |     5 |     5 |     6 ||    19
  Eat: Chunk             |     4 |     9 |     9 |     6 ||    28
       Beef jerky        |       |       |     1 |     1 ||     2
       Meat ration       |       |       |     1 |       ||     1
Armor: Robe              |     7 |    41 |   103 |    39 ||   190
Dodge: Dodged            |    22 |    66 |   163 |    58 ||   309
